 Dungeon Crawl Stone Soup version 0.29.0-4-gdea44cf6ec (webtiles) character file.

Game seed: 6229190849086859664

212 qw the Ruffian (level 5, 0/42 HPs)
             Began as a Ghoul Fire Elementalist on Aug 29, 2022.
             Slain by Menkaure (17 damage)
             ... on level 4 of the Dungeon.
             The game lasted 00:02:53 (3946 turns).

qw the Ruffian (Ghoul Fire Elementalist)            Turns: 3946, Time: 00:02:54

Health: 0/42       AC:  8    Str: 14    XL:     5   Next: 89%
Magic:  6/6        EV:  7    Int: 10    God:
Gold:   149        SH:  7    Dex:  9    Spells: 6/7 levels left

rFire   . . .      SeeInvis .     - Unarmed
rCold   + . .      Faith    .   h - +0 kite shield
rNeg    + + +      Spirit   .   c - +0 scale mail
rPois   inf        Reflect  .   f - +0 helmet
rElec   .          Harm     .   (no cloak)
rCorr   +          Rampage  .   k - +0 pair of gloves
Will    .....                   (no boots)
Stlth   ..........              (no amulet)
HPRegen 0.00/turn               g - ring of resist corrosion
MPRegen 0.10/turn               (no ring)

@: inhibited regen
A: claws 1, cold resistance 1, negative energy resistance 3, inhibited
regeneration, torment resistance 2, devour on kill
a: no special abilities


You were on level 4 of the Dungeon.
You visited 1 branch of the dungeon, and saw 4 of its levels.

You collected 149 gold pieces.


Innate Abilities, Weirdness & Mutations

You are immune to poison.
You have sharp fingernails.
Your flesh is cold resistant. (rC+)
You are immune to negative energy. (rN+++)
You do not regenerate when monsters are visible.
You are immune to unholy pain and torment.
You thrive by killing the living.


   Skills:
 - Level 2.4 Fighting
 - Level 1.7 Dodging
 - Level 2.1 Stealth
 - Level 2.6 Shields
 + Level 4.0 Unarmed Combat
 - Level 1.7 Spellcasting
 - Level 0.7 Conjurations
 - Level 2.4 Fire Magic


You had 6 spell levels left.
You knew the following spells:

 Your Spells              Type           Power      Damage    Failure   Level
a - Foxfire               Conj/Fire      16%        2x1d4     94%         1

Your spell library contained the following spells:

 Spells                   Type           Power      Damage    Failure   Level
 Scorch                   Fire           10%        2d6       95%         2
 Conjure Flame            Conj/Fire      4%         6-21      100%        3
 Inner Flame              Hex/Fire       3%         N/A       100%        3
 Flame Wave               Conj/Fire      4%         2d5       100%        4

Inventory:

Armour
 c - a +0 scale mail (worn)
 f - a +0 helmet (worn)
 h - a +0 kite shield (worn)
 k - a +0 pair of gloves (worn)
Jewellery
 g - a ring of resist corrosion (left hand)
Scrolls
 d - a scroll of identify
Potions
 a - 3 potions of haste {unknown}
 b - a potion of degeneration {unknown}
 i - a potion of attraction {unknown}
 l - a potion of berserk rage {unknown}

Dungeon Overview and Level Annotations

Branches:
Dungeon (4/15)
 Temple: D:4-7

Altars:

Annotations:
D:4 Menkaure


Message History

3932 ||| DRINKING 2 potions of heal wounds.
You feel much better. Blork the orc barely misses you.
Blork the orc hits you with a +0 flail.
You closely miss Blork the orc.
Blork the orc is heavily wounded.
Blork the orc gestures at you while chanting.
The puff of flame hits you but does no damage.
You hit Blork the orc.
Blork the orc is severely wounded.
Blork the orc points at you and mumbles some strange words.
The magic dart hits you! Blork the orc casts a spell at you.
The magic dart hits you.
3935 ||| DRINKING potion of heal wounds.
You feel much better. Blork the orc casts a spell at you.
The puff of flame hits you.
Menkaure, Prince of Dust comes into view.
Menkaure shouts!
You hit Blork the orc.
Blork the orc is almost dead.
Blork the orc gestures at you while chanting.
The puff of flame hits you!
Blork the orc miscasts a cantrip.
You barely miss Blork the orc.
Blork the orc is almost dead.
Blork the orc hits you with a +0 flail.
You hit Blork the orc.
You kill Blork the orc!
Your Shields skill increases to level 2!
3939 ||| Stepping ~*~*~tactically~*~*~ (hiding).
You start resting.
Menkaure is nearby!
You barely miss Menkaure. You block Menkaure's attack.
You barely miss Menkaure. You block Menkaure's attack.
You hit Menkaure but do no damage. Menkaure hits you!
You die...

.....)..###....# #..# #
.......##......### ##.###
....#.......##...###...##
..........#..#..........
#.........###.......##. .
##.....#### #.......###
...#.....#####.#####..# #
#...........# #..#
#.##..M@.....# ...# #
#...)####..# #...#
......... .# ....
.......... .. ..........#
.. ........... .
...........# ...........#


You could see Menkaure.

Vanquished Creatures
  Blork the orc (D:4)
  Natasha (twice) (D:2)
  3 adders
  3 dart slugs
  An orc (D:3)
  10 ball pythons
  6 bats
  3 endoplasms (D:1)
  5 giant cockroaches
  6 goblins
  3 hobgoblins
  2 jackals (D:3)
  3 quokkas
  2 frilled lizards
  6 kobolds
  4 rats
60 creatures vanquished.

Notes
Turn   | Place    | Note
-------+----------+-------------------------------------------
     0 | D:1      | qw the Ghoul Fire Elementalist began the quest for the Orb.
     0 | D:1      | Reached XP level 1. HP: 14/14 MP: 2/2
     0 | D:1      | 0 ||| qw: Version: 0.1-a-90-g952f4b7
     0 | D:1      | 0 ||| qw: Game counter: 3658
     0 | D:1      | 0 ||| qw: Always use a shield: true
     0 | D:1      | 0 ||| qw: God list: Okawaru
     0 | D:1      | 0 ||| qw: Allow faded altars: false
     0 | D:1      | 0 ||| qw: Do Orc after D:15 true
     0 | D:1      | 0 ||| qw: Do second Lair branch before Depths: true
     0 | D:1      | 0 ||| qw: Lair rune preference: random
     0 | D:1      | 0 ||| qw: Plans: Normal
     0 | D:1      | 0 ||| PLANNING D:1-11
    71 | D:1      | Reached skill level 1 in Unarmed Combat
   259 | D:1      | Reached XP level 2. HP: 22/22 MP: 3/3
   260 | D:1      | 260 ||| Stepping ~*~*~tactically~*~*~ (stealth).
   263 | D:1      | Reached skill level 1 in Fighting
   426 | D:1      | 426 ||| Stepping ~*~*~tactically~*~*~ (hiding).
   535 | D:1      | Reached skill level 2 in Unarmed Combat
   838 | D:1      | 838 ||| Stepping ~*~*~tactically~*~*~ (stealth).
   840 | D:1      | 840 ||| Stepping ~*~*~tactically~*~*~ (stealth).
   841 | D:1      | 841 ||| Stepping ~*~*~tactically~*~*~ (stealth).
   845 | D:1      | Reached XP level 3. HP: 28/28 MP: 4/4
   850 | D:1      | 850 ||| Stepping ~*~*~tactically~*~*~ (stealth).
  1727 | D:1      | 1727 ||| DROPPING orb of guile.
  1728 | D:1      | 1728 ||| UPGRADING to +0 helmet.
  1733 | D:1      | 1733 ||| UPGRADING to ring of resist corrosion.
  1734 | D:1      | 1734 ||| READING scroll labelled TUETITI GISKE.
  1735 | D:1      | 1735 ||| DROPPING potion of magic.
  1885 | D:2      | Reached skill level 3 in Unarmed Combat
  1886 | D:2      | 1886 ||| Stepping ~*~*~tactically~*~*~ (stealth).
  1888 | D:2      | 1888 ||| Stepping ~*~*~tactically~*~*~ (hiding).
  1931 | D:2      | Found a faded altar of an unknown god.
  1988 | D:2      | 1988 ||| Stepping ~*~*~tactically~*~*~ (stealth).
  1991 | D:2      | 1991 ||| Stepping ~*~*~tactically~*~*~ (stealth).
  1992 | D:2      | 1992 ||| Stepping ~*~*~tactically~*~*~ (stealth).
  2217 | D:2      | Noticed Natasha
  2218 | D:2      | 2218 ||| Stepping ~*~*~tactically~*~*~ (hiding).
  2228 | D:2      | HP: 2/28 [Natasha/magic dart (11)]
  2233 | D:2      | Killed Natasha
  2234 | D:2      | Reached XP level 4. HP: 2/35 MP: 5/5
  2666 | D:2      | Reached skill level 4 in Unarmed Combat
  2822 | D:2      | Noticed Natasha
  2832 | D:2      | Killed Natasha
  2897 | D:2      | 2897 ||| UPGRADING to +0 scale mail.
  2907 | D:2      | 2907 ||| DROPPING +0 robe.
  2908 | D:2      | 2908 ||| UPGRADING to +0 kite shield.
  2913 | D:2      | 2913 ||| READING scroll labelled GIGUDI AQACO.
  3014 | D:2      | 3014 ||| READING scroll labelled CIEREO OCAOSO.
  3015 | D:2      | 3015 ||| DRINKING 2 smoky dark potions.
  3039 | D:3      | 3039 ||| PLANNING SEWER
  3054 | D:3      | Reached XP level 5. HP: 42/42 MP: 6/6
  3077 | D:3      | 3077 ||| Stepping ~*~*~tactically~*~*~ (outnumbered).
  3225 | D:3      | Reached skill level 1 in Shields
  3416 | D:3      | 3416 ||| Stepping ~*~*~tactically~*~*~ (stealth).
  3417 | D:3      | 3417 ||| Stepping ~*~*~tactically~*~*~ (stealth).
  3637 | D:3      | 3637 ||| RIP SEWER
  3708 | D:3      | 3708 ||| PLANNING D:1-11
  3771 | D:3      | 3771 ||| UPGRADING to +0 pair of gloves.
  3776 | D:3      | 3776 ||| READING scroll labelled ADUEFU AFUBEARIDOA.
  3777 | D:3      | 3777 ||| READING scroll labelled QORESE COFRI.
  3778 | D:3      | 3778 ||| READING scroll labelled CEAR ONIPITEL.
  3779 | D:3      | 3779 ||| READING scroll labelled ONATIY VISA.
  3920 | D:4      | Noticed Blork the orc
  3921 | D:4      | 3921 ||| Stepping ~*~*~tactically~*~*~ (hiding).
  3922 | D:4      | 3922 ||| Stepping ~*~*~tactically~*~*~ (hiding).
  3931 | D:4      | HP: 5/42 [Blork the orc/+0 flail (6)]
  3932 | D:4      | 3932 ||| DRINKING 2 potions of heal wounds.
  3935 | D:4      | 3935 ||| DRINKING potion of heal wounds.
  3935 | D:4      | Noticed Menkaure
  3938 | D:4      | Killed Blork the orc
  3939 | D:4      | 3939 ||| Stepping ~*~*~tactically~*~*~ (hiding).
  3946 | D:4      | Slain by Menkaure

Levels and vault maps discovered:
D:1:      eino_arrival_tree_alley, layout_loops_corners,
          chequers_serial_rivers_large_a, minmay_tromino_v4_a
D:2:      layout_basic, hellmonk_ecumenical_altar_run_dry, uniq_natasha
D:3:      layout_basic, portal_sewer_entry_d
D:4:      layout_layer_cave, minitemple, uniq_sigmund, uniq_blork_the_orc,
          uniq_menkaure, uniq_pikel

Skill      XL: |  1  2  3  4  5 |
---------------+----------------+-----
Unarmed Combat | 1 2 3 4 |  4.0
Fighting       | 1 2 |  2.4
Shields        | 2 |  2.6
Dodging        | |  1.7
Stealth        | |  2.1
Spellcasting   | |  1.7
Conjurations   | |  0.7
Fire Magic     | |  2.4

Action                   |  1- 3 |  4- 6 || total
-------------------------+-------+-------++-------
Melee: Unarmed           |   167 |    92 ||   259
       Punch             |     3 |     1 ||     4
  Use: Scroll            |     1 |     6 ||     7
       Potion            |       |     3 ||     3
Armor: Robe              |    31 |     3 ||    34
       Scale mail        |       |    28 ||    28
Dodge: Dodged            |   106 |    32 ||   138
Block: Kite shield       |       |    26 ||    26

Table legend:
 A = Non-vault XP
 B = Vault XP
 C = Vault XP percentage of total XP
 D = Non-vault monster count
 E = Vault monster count
 F = Vault count percentage of total count
                 A         B        C        D         E       F
            +---------+---------+-------+---------+---------+-------
      Total |     159 |     144 |  47.5 |      53 |       7 |  11.7
            +---------+---------+-------+---------+---------+-------
        D:1 |      48 |       5 |   9.4 |      25 |       4 |  13.8
        D:2 |      75 |      35 |  31.8 |      15 |       1 |   6.2
        D:3 |      35 |      13 |  27.1 |      12 |       1 |   7.7
        D:4 |       1 |      91 |  98.9 |       1 |       1 |  50.0
            +---------+---------+-------+---------+---------+-------
